AoeStats
← Adavi306

Arabia

510291858Analyzed
4v4 RM · 1d ago on Sep 30, 2026· 16m 23s· 8 players
Game mode
Random Map
Map size
Large (8 player)
Population
200
Speed
Normal
Resources
Standard
Victory
Conquest
Starting age
Dark Age
Ending age
Imperial Age
RankedLock teamsTeams togetherTeam positionsShared explorationLock speedFull tech treeHidden civsTurbo modeCheats
Victory
Defeat
🇦🇺 Franks · Australia
1194
+13
🇦🇺 Khmer · Australia
1186
+13
🇦🇺 Portuguese · Australia
1182
+13
🇦🇺 Danes · Australia
1150
+15
🇲🇽 Vikings · Mexico
1177
-15
🇷🇺 Slavs · Russia
1159
-15
🇭🇰 Danes · Hong Kong SAR China
1085
-12
🇭🇰 Saxons · Hong Kong SAR China
1084
-12
Sunday
3:18 Loom
11:51 Feudal Age
Sega Mega Drive
1:27 Loom
11:32 Feudal Age
谷得超勁
11:38 Feudal Age
16:00 Castle Age
Majorian
7:50 Loom
10:02 Feudal Age
12:55 Double-Bit Axe
12:52 Horse Collar
16:23 Wheelbarrow
Adavi306
5:10 Loom
8:50 Feudal Age
10:26 Double-Bit Axe
murrayj
6:55 Loom
9:06 Feudal Age
9:56 Double-Bit Axe
9:33 Man-at-Arms
11:26 Arson
13:47 Horse Collar
15:43 Fletching
Torg
7:36 Feudal Age
9:19 Double-Bit Axe
12:16 Horse Collar
16:15 Gold Mining
19:01 Castle Age
Incitatus
7:02 Loom
9:19 Feudal Age
11:22 Double-Bit Axe
11:35 Town Watch
12:28 Wheelbarrow
14:00 Fletching
Connection lost

Rejoining the realm…

Still unreachable

The connection could not be restored.

Session expired

The server has moved on; the page needs a fresh start.